 Dungeon Crawl Stone Soup version 0.21-a0-351-g38363bb (webtiles) character file.

69 Hasart the Poker (level 4, 0/35 HPs)
             Began as a Formicid Fighter on Oct 9, 2017.
             Succumbed to a goblin's poison
             ... on level 2 of the Dungeon.
             The game lasted 00:02:43 (1262 turns).

Hasart the Poker (Formicid Fighter)                 Turns: 1262, Time: 00:02:44

Health: 0/35       AC: 11    Str: 19 (22) XL:     4   Next: 42%
Magic:  4/4        EV:  8    Int: 10 (12) God:
Gold:   90         SH:  9    Dex: 14 (15) Spells: 3/3 levels left

rFire    . . .     SeeInvis +   a - +0 trident
rCold    . . .     Gourm    .   c - +0 shield
rNeg     . . .     Faith    .   n - +0 plate armour
rPois    .         Spirit   .   (helmet unavailable)
rElec    .         Reflect  .   (no cloak)
rCorr    .         Harm     .   (no gloves)
MR       .....                  (no boots)
Stlth    ..........             (no amulet)
HPRegen  0.11/turn              (no ring)
MPRegen  0.09/turn              (no ring)

@: brilliant, agile, lethally poisoned (0 -> -2), very slightly contaminated,
invisible
A: permanent stasis, dig shafts and tunnels, four strong arms, antennae 3
a: Dig, Shaft Self


You were on level 2 of the Dungeon.
You were not hungry.

You visited 1 branch of the dungeon, and saw 2 of its levels.

You collected 90 gold pieces.

Inventory:

Hand Weapons
 a - a +0 trident (weapon)
Armour
 c - a +0 shield (worn)
 n - a +0 plate armour (worn)
Scrolls
 b - a scroll of immolation {unknown}
 e - 3 scrolls of identify {unknown}
 i - a scroll of recharging {unknown}
 j - 2 scrolls of remove curse {unknown}
 o - a scroll of blinking {unknown}
 r - a scroll of teleportation {unknown}
Potions
 d - a potion of might
 k - a potion of invisibility
 m - a potion of degeneration
Comestibles
 f - 2 bread rations
 g - 2 meat rations
 h - 3 chunks of flesh


   Skills:
 - Level 3.2 Fighting
 + Level 4.3 Polearms
 - Level 3.2 Armour
 - Level 3.6 Shields


You had 3 spell levels left.
You didn't know any spells.

Dungeon Overview and Level Annotations

Branches:
Dungeon (2/15)

Altars:

Annotations:
D:2 1 runed door


Innate Abilities, Weirdness & Mutations

You cannot be hasted, slowed, berserked, paralysed or teleported.
You can dig through walls and to a lower floor.
Your four strong arms can wield two-handed weapons with a shield.
You have a pair of large antennae on your head. (SInv)


Message History

* * * LOW HITPOINT WARNING * * *
You feel sick.
The frilled lizard hisses angrily.
* * * LOW HITPOINT WARNING * * *
You feel sick.
The frilled lizard hisses angrily.
The frilled lizard hisses angrily.
You hear an angry hiss.
The frilled lizard hisses angrily.
The frilled lizard hisses angrily. x2
* * * LOW HITPOINT WARNING * * *
You feel sick.
The frilled lizard hisses angrily. x2
The frilled lizard hisses angrily.
You hear an angry hiss.
You see here a dagger of venom.
The frilled lizard hisses angrily.
You hear an angry hiss.
* * * LOW HITPOINT WARNING * * *
You feel sick.
The frilled lizard hisses angrily.
The frilled lizard hisses angrily.
You die...

######.#.### #.#
...........# ####.##
######.###.# #.....#
######.....###.....##
....................#
#####...............##
####.................#####
........................>#
##....####.###..@..#.###.#
##..## ### #...[.#.#
♣....♣ #######)## ♣)..♣♣
#..# ♣♣)♣♣ ##{## ♣)♣♣ #{l#
.... ♣♣)♣ ##.# .... ♣)♣♣
#.# ..... ♣♣)♣ #g# .....


There were no monsters in sight!

Vanquished Creatures
  2 adders (D:2)
  An ooze (D:1)
  2 dart slugs (D:1)
  2 leopard geckos (D:1)
  2 ball pythons (D:1)
  3 giant cockroaches (D:1)
  7 goblins
  3 hobgoblins
  3 jackals (D:1)
  2 bats
  2 frilled lizards
  A kobold (D:1)
  13 rats (D:1)
43 creatures vanquished.

Notes
Turn   | Place    | Note
-------+----------+-------------------------------------------
     0 | D:1      | Hasart the Formicid Fighter began the quest for the Orb.
     0 | D:1      | Reached XP level 1. HP: 18/18 MP: 1/1
    36 | D:1      | Reached XP level 2. HP: 21/24 MP: 2/2
    52 | D:1      | Reached skill level 3 in Polearms
   162 | D:1      | Reached XP level 3. HP: 29/29 MP: 3/3
  1115 | D:2      | Reached skill level 4 in Polearms
  1115 | D:2      | Reached XP level 4. HP: 35/35 MP: 4/4
  1191 | D:2      | Found a runed door.
  1254 | D:2      | HP: 1/35 [poisoned by a goblin]
  1262 | D:2      | Succumbed to a goblin's poison

Vault maps used:
D:1:      erik_arrival_orb_chamber, minmay_tetromino_l2
D:2:      minmay_small_reverse_x, uniq_crazy_yiuf_cottage

Skill      XL: |  1  2  3 |
---------------+----------+-----
Polearms       | 3 4 |  4.3
Fighting       | |  3.2
Armour         | |  3.2
Shields        | |  3.6

Action                   |  1- 3 |  4- 6 || total
-------------------------+-------+-------++-------
Melee: Trident           |   127 |    20 ||   147
  Use: Potion            |       |     5 ||     5
  Eat: Chunk             |     1 |       ||     1
Armor: Scale mail        |    38 |       ||    38
       Plate armour      |     8 |    11 ||    19
Dodge: Dodged            |    31 |     5 ||    36
Block: Shield            |    56 |     6 ||    62

Table legend:
 A = Spawn XP
 B = Non-spawn XP
 C = Spawn XP percentage of total XP
 D = Spawn monster count
 E = Non-spawn monster count
 F = Spawn count percentage of total count
 G = Total turns spent on level
                    A         B        C        D         E        F      G
               +---------+---------+-------+---------+---------+-------+---------
         Total |       0 |      99 |   0.0 |       0 |      43 |   0.0 |  1262
               +---------+---------+-------+---------+---------+-------+---------
           D:1 |       0 |      63 |   0.0 |       0 |      35 |   0.0 |   990
           D:2 |       0 |      36 |   0.0 |       0 |       8 |   0.0 |   272
               +---------+---------+-------+---------+---------+-------+---------
